 Dungeon Crawl Stone Soup version 0.24-a0-284-g9fb9971df1 (webtiles) character file.

Game seed: 8245883037612132563

35 HAL9000 the Vexing (level 3, 0/16 HPs)
             Began as a Vine Stalker Enchanter on May 4, 2019.
             Slain by a phantom (8 damage)
             ... on level 2 of the Dungeon.
             The game lasted 00:01:41 (1611 turns).

HAL9000 the Vexing (Vine Stalker Enchanter)         Turns: 1611, Time: 00:01:41

Health: 0/16       AC:  2    Str: 11    XL:     3   Next: 33%
Magic:  0/7        EV: 12    Int: 15    God:
Gold:   59         SH:  0    Dex: 14    Spells: 0/6 levels left

rFire    . . .     SeeInvis .   a - +1 dagger
rCold    . . .     Gourm    .   (no shield)
rNeg     . . .     Faith    .   b - +0 robe
rPois    .         Spirit   +   (no helmet)
rElec    .         Reflect  .   (no cloak)
rCorr    .         Harm     .   (no gloves)
MR       .....                  (no boots)
Stlth    ++........             (no amulet)
HPRegen  0.05/turn              (no ring)
MPRegen  0.10/turn              (no ring)

@: no status effects
A: fangs 2, magic shield, antimagic bite, no potion heal 3, rot immunity
a: no special abilities


You were on level 2 of the Dungeon.
You were hungry.

You visited 1 branch of the dungeon, and saw 2 of its levels.

You collected 59 gold pieces.

Inventory:

Hand Weapons
 a - a +1 dagger (weapon)
Armour
 b - a +0 robe (worn)
Scrolls
 e - a scroll of teleportation {unknown}
 g - a scroll of amnesia {unknown}
 h - a scroll of magic mapping {unknown}
 i - a scroll of random uselessness {unknown}
 j - a scroll of identify {unknown}
 k - a scroll of remove curse {unknown}
Potions
 c - a potion of brilliance {unknown}
 f - a potion of heal wounds {unknown}
Comestibles
 d - 4 rations


   Skills:
 + Level 1.4 Short Blades
 - Level 1.5 Dodging
 - Level 3.6 Stealth
 - Level 2.1 Spellcasting
 + Level 4.0 Hexes


You couldn't memorise any spells.
You knew the following spells:

 Your Spells              Type           Power        Failure   Level  Hunger
a - Corona                Hex            ##.....      4%          1    #......
b - Ensorcelled Hibernat  Hex/Ice        #.....       14%         2    ###....
c - Confuse               Hex            ##......     12%         3    ###....

Your spell library contained the following spells:

 Spells                   Type           Power        Failure   Level  Hunger
 Tukima's Dance           Hex            ##......     12%         3    ###....
 Dazzling Spray           Conj/Hex       #.....       28%         3    ###....


Dungeon Overview and Level Annotations

Branches:
Dungeon (2/15)

Altars:


Innate Abilities, Weirdness & Mutations

You have extremely sharp teeth.
When hurt, damage is shared between your health and your magic reserves.
Your bite disrupts and absorbs the magic of your enemies.
Potions cannot restore your health.
You are immune to rotting.


Message History

Casting: Confuse (safe; 12% risk of failure)
Confirm with . or Enter, or press ? or * to list all spells.
Aiming: Confuse (safe; 12% risk of failure)
Press: ? - help, Shift-Dir - straight line, f/p - phantom
Aim: a phantom (heavily damaged, chance to defeat MR: 27%)
The phantom easily resists.
Casting: Confuse (safe; 12% risk of failure)
Confirm with . or Enter, or press ? or * to list all spells.
You don't have enough magic to cast that spell.
Unknown command.
The phantom blinks!
Casting: Confuse (safe; 12% risk of failure)
Confirm with . or Enter, or press ? or * to list all spells.
Aiming: Confuse (safe; 12% risk of failure)
Press: ? - help, Shift-Dir - straight line, f/p - phantom
Aim: a phantom (moderately damaged, chance to defeat MR: 27%)
The phantom appears confused.
The phantom hits you!
Ouch! That really hurt!
You die...

#.# #.##.### #.######.##...#
#.........#.#.#
#############.######
#.............#...#
#.#############.#.#
#.............#.#.#
###################.#.#.###.##.
§..............W@.......†......
###################.#.#.###..##
# #...#... # #######.# # .# # #
+ #


You could see a phantom (confused).

Vanquished Creatures
  An ooze (D:1)
  A dart slug (D:1)
  7 bats
  3 giant cockroaches
  2 goblins (D:1)
  3 hobgoblins
  4 kobolds (D:1)
  A frilled lizard (D:1)
  3 rats
25 creatures vanquished.

Notes
Turn   | Place    | Note
-------+----------+-------------------------------------------
     0 | D:1      | HAL9000 the Vine Stalker Enchanter began the quest for the
                  | Orb.
     0 | D:1      | Reached XP level 1. HP: 9/9 MP: 4/4
   148 | D:1      | Reached skill level 1 in Short Blades
   148 | D:1      | Reached XP level 2. HP: 12/13 MP: 4/6
   155 | D:1      | Learned a level 2 spell: Ensorcelled Hibernation
  1001 | D:1      | Reached XP level 3. HP: 16/16 MP: 7/7
  1089 | D:1      | Reached skill level 4 in Hexes
  1212 | D:1      | Learned a level 3 spell: Confuse
  1538 | D:2      | Noticed a phantom
  1611 | D:2      | Slain by a phantom

Levels and vault maps discovered:
D:1:      dpeg_arrival_shelter, layout_loops_corners
D:2:      layout_basic

Skill      XL: |  1  2  3 |
---------------+----------+-----
Short Blades   | 1 |  1.4
Hexes          | 4 |  4.0
Dodging        | |  1.5
Stealth        | |  3.6
Spellcasting   | |  2.1

Action                   || total
-------------------------++-------
Melee: Dagger            ||    80
       Bite              ||    19
 Cast: Corona            ||     1
       Ensorcelled Hiber ||     5
       Confuse           ||     4
 Stab: Sleeping          ||    10
       Confused          ||     1
  Eat: Chunk             ||     2
Armor: Robe              ||    23
Dodge: Dodged            ||    62

Table legend:
 A = Non-vault XP
 B = Vault XP
 C = Vault XP percentage of total XP
 D = Non-vault monster count
 E = Vault monster count
 F = Vault count percentage of total count
                 A         B        C        D         E       F
            +---------+---------+-------+---------+---------+-------
      Total |      50 |       0 |   0.0 |      25 |       0 |   0.0
            +---------+---------+-------+---------+---------+-------
        D:1 |      41 |       0 |   0.0 |      20 |       0 |   0.0
        D:2 |       9 |       0 |   0.0 |       5 |       0 |   0.0
            +---------+---------+-------+---------+---------+-------
